 Dungeon Crawl Stone Soup version 0.30-a0-528-g8c47a4955b (webtiles) character file.

Game seed: 17162734595366539309

37 Dirtsage the Insei (level 3, -13/23 HPs)
             Began as an Octopode Transmuter on Dec 23, 2022.
             Mangled by a goblin
             ... wielding the +7 spear "Worm" {chaos, rF+ Str+4}
              (20 damage)
             ... on level 2 of the Dungeon.
             The game lasted 00:03:10 (1187 turns).

Dirtsage the Insei (Octopode Transmuter)            Turns: 1187, Time: 00:03:10

Health: -13/23     AC:  1    Str: 15    XL:     3   Next: 39%
Magic:  4/6        EV: 13    Int: 17    God:
Gold:   125        SH:  0    Dex: 12    Spells: 5/6 levels left

rFire   . . .      SeeInvis .      - Unarmed
rCold   . . .      Faith    .    (no shield)
rNeg    . . .      Spirit   .    (helmet restricted)
rPois   .          Reflect  .    (no amulet)
rElec   .          Harm     .    b - +4 ring of slaying
rCorr   .          Rampage  .    e - +6 ring of strength
Will    .....                    (no ring)
Stlth   ++                       (no ring)
HPRegen 0.23/turn                (no ring)
MPRegen 0.10/turn                (no ring)
                                 (no ring)
                                 (no ring)

@: no status effects
A: almost no armour, amphibious, 8 rings, camouflage 1, gelatinous body 1,
(nimble swimmer 1), tentacles
a: no special abilities


You were on level 2 of the Dungeon.
You visited 1 branch of the dungeon, and saw 2 of its levels.

You collected 125 gold pieces.

Inventory:

Magical Staves
 d - a staff of fire
 h - a staff of death
Jewellery
 b - a +4 ring of slaying (left tentacle)
 e - a +6 ring of strength (right tentacle)
Scrolls
 c - a scroll of blinking {unknown}
 g - 2 scrolls of teleportation {unknown}
 k - a scroll of identify {unknown}
Potions
 a - 3 potions of lignification
 f - 2 potions of attraction {unknown}
 i - a potion of ambrosia {unknown}
 j - a potion of magic {unknown}


   Skills:
 + Level 1.5 Fighting
 - Level 2.0 Dodging
 + Level 3.2 Unarmed Combat
 - Level 2.0 Spellcasting
 * Level 2.6 Transmutations
 * Level 1.3 Ice Magic


You had 5 spell levels left.
You knew the following spells:

 Your Spells              Type           Power      Damage    Failure   Level
a - Beastly Appendage     Tmut           20%        N/A       6%          1

Your spell library contained the following spells:

 Spells                   Type           Power      Damage    Failure   Level
 Wereblood                Tmut           10%        N/A       10%         2
 Passwall                 Tmut/Erth      5%         N/A       17%         2
 Ensorcelled Hibernation  Hex/Ice        8%         N/A       22%         2
 Spider Form              Tmut/Pois      6%         N/A       32%         3
 Swiftness                Air            1%         N/A       50%         3
 Ice Form                 Ice/Tmut       8%         N/A       63%         4


Dungeon Overview and Level Annotations

Branches:
Dungeon (2/15)

Altars:


Innate Abilities, Weirdness & Mutations

You cannot wear most types of armour.
You are amphibious.
You can wear up to eight rings at the same time.
Your skin changes colour to match your surroundings (Stealth+).
Your rubbery body absorbs attacks. (AC +1, EV +1)
((You are camouflaged when in or above water. (Stealth+)))
You have tentacles for arms and can constrict up to eight enemies at once.


Message History

You open the door.
There is an open door here.
j - a golden potion Saving game... please wait.
Lua error: /dgldir/rcfiles/crawl-git/Dirtsage.rc:62: attempt to concatenate field 'overwrite_tile' (a nil value) Options error: Cannot find file "Shapedcolors.rc". (~/.crawlrc:628) Options error: Cannot find file "Shapedmore.rc". (~/.crawlrc:629) Welcome back, Dirtsage the Octopode Transmuter.
Press ? for a list of commands and other information.
k - a scroll labelled IPAZOTS WIBUGE You open the door.
A frilled lizard comes into view.
Found a stone staircase leading down.
There is an open door here.
The helpless frilled lizard fails to defend itself.
You bludgeon the frilled lizard!
You kill the frilled lizard!
No target in view!
A bat comes into view.
The helpless bat fails to defend itself.
You tentacle-slap the bat.
You kill the bat!
No target in view!
You see here a +0 leather armour.
You open the door.
There is an open door here.
A goblin comes into view.
It is wielding the +7 spear "Worm" {chaos, rF+ Str+4}.
A goblin is nearby!
The goblin shouts!
You tentacle-slap the goblin. Your grab misses the goblin.
The goblin is severely wounded.
The goblin hits you with the +7 spear "Worm" {chaos, rF+ Str+4}.
You feel your power leaking away.
You take 6 damage, and have 17/23 hp.
MASSIVE DAMAGE!!
You now have 4/6 mp.
You closely miss the goblin. Your grab misses the goblin.
The goblin is severely wounded.
The goblin hits you with the +7 spear "Worm" {chaos, rF+ Str+4}!
You are electrocuted!!
Ouch! That really hurt!
You die...

#..............
#.###.######### #.# #.# #.#
#.## #.# #..# ##
+##########'# #.
#..........## #.
#.....#..........# #.
#.....#..@≈≈§≈...# ####.
#.....#.g≈≈≈§≈≈..# #....
#.....#..≈≈##≈≈..# #.##.
+.....#..≈≈##§≈..# #.##.
#.....#..§§§≈§§..# #.###
#.....#...≈≈≈§...#####.#
#.....#..........#..##.#
####.##..........#..##.#
#######..'##########'..##.#


You could see a goblin.

Vanquished Creatures
  A dart slug (D:1)
  A ball python (D:1)
  4 bats
  2 endoplasms (D:1)
  2 giant cockroaches (D:1)
  4 goblins (D:1)
  2 hobgoblins (D:1)
  4 jackals (D:1)
  2 quokkas (D:1)
  A frilled lizard (D:2)
  2 kobolds (D:1)
  6 rats (D:1)
31 creatures vanquished.

Notes
Turn   | Place    | Note
-------+----------+-------------------------------------------
     0 | D:1      | Dirtsage the Octopode Transmuter began the quest for the
                  | Orb.
     0 | D:1      | Reached XP level 1. HP: 13/13 MP: 3/3
    46 | D:1      | Saving game... please wait.
   110 | D:1      | Saving game... please wait.
   165 | D:1      | Reached XP level 2. HP: 18/18 MP: 5/5
   355 | D:1      | Reached skill level 1 in Ice Magic
   474 | D:1      | Saving game... please wait.
   523 | D:1      | Reached XP level 3. HP: 12/23 MP: 6/6
  1038 | D:1      | Saving game... please wait.
  1088 | D:2      | Saving game... please wait.
  1181 | D:2      | Identified the +7 spear "Worm" {chaos, rF+ Str+4}
  1187 | D:2      | Mangled by a goblin

Illustrated notes

Levels and vault maps discovered:
D:1:      dpeg_arrival_ratfight, layout_loops_corners, kennysheep_doodads
D:2:      layout_basic, minmay_tree_intersection, kennysheep_pointless_box,
          uniq_natasha

Skill      XL: |  1  2 |
---------------+-------+-----
Ice Magic      | 1 |  1.3
Fighting       | |  1.5
Dodging        | |  2.0
Unarmed Combat | |  3.2
Spellcasting   | |  2.0
Transmutations | |  2.6

Action                   || total
-------------------------++-------
Melee: Unarmed           ||    49
       Constrict         ||    16
       Tentacles         ||    13
       Kick              ||     5
       Punch             ||     1
 Cast: Beastly Appendage ||     4
 Stab: Sleeping          ||     7
Armor: Skin              ||     2
Dodge: Dodged            ||    17

Table legend: (Time is in decaauts)
 A = Elapsed time spent in this place.
 B = Non-inter-level travel time spent in this place.
 C = Inter-level travel time spent in this place.
 D = Time resting spent in this place.
 E = Time spent auto-exploring this place.
 F = Levels seen in this place.
 G = Mean time per level.
                   A        B        C        D        E       F      G
               +--------+--------+--------+--------+--------+-----+--------+
         Total |   1182 |   1156 |     26 |      0 |    995 |   2 |  591.0 |
       Dungeon |   1182 |   1156 |     26 |      0 |    995 |   2 |  591.0 |
               +--------+--------+--------+--------+--------+-----+--------+

Top non-repeatable levels by time:
     D:1: 1061 daAuts
     D:2: 121 daAuts
